 Dungeon Crawl Stone Soup version 0.23-a0-32-g1388f29 (webtiles) character file.

970 iamserjio the Sneak (level 8, -6/81 HPs)
             Began as an Octopode Berserker on Aug 4, 2018.
             Was a Believer of Trog.
             Mangled by a centaur (9 damage)
             ... on level 6 of the Dungeon.
             The game lasted 00:19:05 (2530 turns).

iamserjio the Sneak (Octopode Berserker)            Turns: 2530, Time: 00:19:06

Health: -6/81      AC:  1    Str: 21    XL:     8   Next: 16%
Magic:  8/8        EV: 16    Int: 11    God:    Trog [**....]
Gold:   255        SH:  0    Dex: 12    Spells: 7/7 levels left

rFire    . . .     SeeInvis .   n - +0 short sword
rCold    + . .     Gourm    .   (no shield)
rNeg     . . .     Faith    .   (helmet restricted)
rPois    .         Spirit   .   (no amulet)
rElec    .         Reflect  .   u - ring of protection from cold
rCorr    .         Harm     .   (no ring)
MR       ++...                  (no ring)
Stlth    ..........             (no ring)
HPRegen  1.23/turn              (no ring)
MPRegen  0.11/turn              (no ring)
                                (no ring)
                                (no ring)

@: berserking, regenerating, very quick
A: almost no armour, stealthy swim, amphibious, 8 rings, constrict 8, camouflage
1, gelatinous body 1
a: Berserk, Trog's Hand, Renounce Religion


You were on level 6 of the Dungeon.
You worshipped Trog.
Trog was pleased with you.
You were not hungry.

You visited 1 branch of the dungeon, and saw 6 of its levels.

You collected 255 gold pieces.

Inventory:

Hand Weapons
 a - a +0 falchion
 j - a +0 arbalest
 n - a +0 short sword (weapon)
Missiles
 d - 53 sling bullets
 i - 3 needles of confusion
 k - 82 arrows
 r - 4 poisoned needles
 s - 61 stones (quivered)
 v - 45 bolts
Armour
 y - a +0 shield
Magical Staves
 g - an uncursed staff of power {unknown}
Jewellery
 u - a ring of protection from cold (left tentacle)
 D - an uncursed ring of fire
Wands
 F - a wand of acid (10)
Scrolls
 c - 2 scrolls of blinking {unknown}
 f - 4 scrolls of remove curse {@r2}
 l - 2 scrolls of magic mapping {unknown}
 w - a scroll of fog {unknown}
 x - 3 scrolls of teleportation
 z - 2 scrolls of fear {unknown}
 E - 3 scrolls of identify {@r1}
Potions
 e - 2 potions of might
 h - a potion of cancellation
 m - 4 potions of haste
 o - a potion of ambrosia {unknown}
 p - a potion of berserk rage
 q - 2 potions of curing {@q1}
 A - a potion of heal wounds {unknown}
 B - a potion of brilliance {unknown}
 C - a potion of degeneration
 G - 2 potions of invisibility {unknown}
Comestibles
 b - 13 rations


   Skills:
 + Level 4.2 Fighting
 + Level 4.9 Long Blades
 * Level 6.3 Dodging
 * Level 7.1 Stealth


You had 7 spell levels left.
You didn't know any spells.
Your spell library was empty.

Dungeon Overview and Level Annotations

Branches:
Dungeon (6/15)
 Temple: D:4-7

Altars:
Uskayaw
Yredelemnul
The Shining One

Annotations:
D:3 2 transporters, biddum's ghost, amateur GrFi
D:5 Grinder; Menkaure; Pikel


Innate Abilities, Weirdness & Mutations

You cannot wear most types of armour.
You are very stealthy in the water. (Stealth+)
You are amphibious.
You can wear up to eight rings at the same time.
You can use your tentacles to constrict eight enemies at once.
Your skin changes colour to match your surroundings (Stealth+).
Your rubbery body absorbs attacks. (AC +1, EV +1)


Message History

You puncture the bullfrog! Your grab misses the bullfrog.
The bullfrog is severely wounded.
The centaur closely misses you.
The bullfrog swells and bulges.
The bullfrog barely misses you.
You barely miss the bullfrog. Your grab misses the bullfrog.
The bullfrog is severely wounded.
The centaur hits you.
* * * LOW HITPOINT WARNING * * *
The bullfrog closely misses you.
You closely miss the bullfrog. You grab the bullfrog.
The bullfrog is severely wounded.
You constrict the bullfrog. The centaur hits you.
* * * LOW HITPOINT WARNING * * *
The bullfrog hits you.
* * * LOW HITPOINT WARNING * * *
You barely miss the centaur.
The centaur is almost dead.
You constrict the bullfrog. The centaur hits you!
You die...

#...###........#...............##
##....#....#####.......#.........
#....#....#####.......#.........
#....####......(.......#####....
#....#####.............# #....
######..................######...
...........#+###(.......##.......
######.........(...####. #....†..
#.. #...#......@.[# #.......


#Kg #...#.....cF..# #....... #+# #####.........# ##.##..))... .. .....[.....#
..........## .# ..........## ............ .# ..........# ............ .#
..........# ............ .# ..#....... ............ .# ............ You could
see a bullfrog and a centaur.

Vanquished Creatures
  A phantom (D:6)
  A sky beast (D:6)
  A scorpion (D:4)
  A bullfrog zombie (D:5)
  A centaur zombie (D:6)
  2 crimson imps
  A bullfrog skeleton (D:4)
  2 hounds
  3 orc priests (D:6)
  2 orc wizards (D:3)
  Terence (D:3)
  Natasha (twice) (D:2)
  An iguana (D:4)
  3 worker ants
  Robin (D:4)
  9 adders
  An ooze (D:2)
  An adder skeleton (D:6)
  2 worms
  3 dart slugs
  A leopard gecko (D:3)
  4 orcs
  5 giant cockroaches
  12 goblins
  9 hobgoblins
  10 jackals
  9 kobolds
  7 quokkas
  6 bats
  4 frilled lizards
  7 rats
113 creatures vanquished.

Notes
Turn   | Place    | Note
-------+----------+-------------------------------------------
     0 | D:1      | iamserjio the Octopode Berserker began the quest for the Orb.
     0 | D:1      | Reached XP level 1. HP: 16/16 MP: 1/1
   124 | D:2      | Reached skill level 1 in Stealth
   124 | D:2      | Reached XP level 2. HP: 8/21 MP: 2/2
   200 | D:2      | Found a hide-covered altar of Uskayaw.
   201 | D:2      | Found a basalt altar of Yredelemnul.
   361 | D:1      | Reached XP level 3. HP: 20/26 MP: 3/3
   465 | D:1      | Reached ** piety under Trog
   640 | D:2      | Reached skill level 2 in Stealth
   838 | D:2      | Reached XP level 4. HP: 28/31 MP: 4/4
  1088 | D:2      | Reached skill level 3 in Stealth
  1093 | D:2      | Noticed Natasha
  1101 | D:2      | Killed Natasha
  1101 | D:2      | Reached XP level 5. HP: 36/36 MP: 5/5
  1190 | D:2      | Noticed Natasha
  1194 | D:2      | Killed Natasha
  1231 | D:3      | Reached skill level 4 in Stealth
  1231 | D:3      | Reached XP level 6. HP: 8/42 MP: 6/6
  1369 | D:3      | Noticed Terence
  1378 | D:3      | Killed Terence
  1378 | D:3      | Reached skill level 5 in Dodging
  1441 | D:3      | Found a glowing golden altar of the Shining One.
  1526 | D:3      | Found a transporter.
  1526 | D:3      | Noticed biddum's ghost (amateur GrFi)
  1533 | D:3      | Found a transporter.
  1779 | D:4      | Noticed Robin
  1795 | D:4      | Killed Robin
  1924 | D:4      | Reached skill level 5 in Stealth
  1991 | D:4      | Reached XP level 7. HP: 27/46 MP: 7/7
  2098 | D:5      | Entered Level 5 of the Dungeon
  2163 | D:5      | Noticed Menkaure
  2177 | D:5      | Noticed Grinder
  2183 | D:5      | Noticed Pikel
  2195 | D:6      | Reached skill level 6 in Stealth
  2254 | D:6      | Reached *** piety under Trog
  2273 | D:6      | Reached XP level 8. HP: 54/54 MP: 8/8
  2408 | D:6      | Reached skill level 7 in Stealth
  2529 | D:6      | HP: 3/81 [bullfrog (6)]
  2530 | D:6      | Mangled by a centaur

Vault maps used:
D:1:      nzn_arrival_settlement, serial_bayou_pond_c
D:2:      gammafunk_temple_overflow_pools, uniq_natasha
D:3:      tso_oasis_becter, gammafunk_ghost_mausoleum, uniq_terence
D:4:      kennysheep_big_flooded_room, first_ration, serial_bayou_ford_a,
          uniq_robin
D:5:      skrybe_limestone_x, uniq_menkaure, uniq_grinder, uniq_pikel
D:6:      corexii_checkpoint_a, water_maze_lemuel

Skill      XL: |  1  2  3  4  5  6  7  8 |
---------------+-------------------------+-----
Stealth        | 1 2 3 4 5 6 7 |  7.1
Dodging        | 4 5 6 |  6.3
Long Blades    | 4 |  4.9
Fighting       | 4 |  4.2

Action                   |  1- 3 |  4- 6 |  7- 9 || total
-------------------------+-------+-------+-------++-------
Melee: Falchion          |    36 |       |       ||    36
       Constrict         |    20 |    37 |    11 ||    68
       Tentacles         |     8 |    23 |    18 ||    49
       Short sword       |    23 |   130 |    68 ||   221
 Fire: Arbalest          |       |       |    16 ||    16
Throw: Stone             |     1 |     1 |       ||     2
Invok: Trog's Hand       |     1 |     6 |     4 ||    11
       Berserk           |       |     4 |     2 ||     6
  Use: Scroll            |       |     5 |     3 ||     8
       Potion            |       |       |     2 ||     2
 Stab: Sleeping          |     7 |    14 |     2 ||    23
  Eat: Chunk             |       |    10 |     3 ||    13
       Ration            |       |       |     1 ||     1
Armor: Skin              |     3 |     7 |       ||    10
Dodge: Dodged            |    30 |    61 |    52 ||   143
       Rpst.: Falchion   |     6 |       |       ||     6

Table legend:
 A = Spawn XP
 B = Non-spawn XP
 C = Spawn XP percentage of total XP
 D = Spawn monster count
 E = Non-spawn monster count
 F = Spawn count percentage of total count
 G = Total turns spent on level
                    A         B        C        D         E        F      G
               +---------+---------+-------+---------+---------+-------+---------
         Total |       0 |    1386 |   0.0 |       0 |     113 |   0.0 |  2530
               +---------+---------+-------+---------+---------+-------+---------
           D:1 |       0 |      34 |   0.0 |       0 |      18 |   0.0 |   510
           D:2 |       0 |     197 |   0.0 |       0 |      26 |   0.0 |   692
           D:3 |       0 |     185 |   0.0 |       0 |      27 |   0.0 |   447
           D:4 |       0 |     304 |   0.0 |       0 |      26 |   0.0 |   449
           D:5 |       0 |     140 |   0.0 |       0 |       4 |   0.0 |    91
           D:6 |       0 |     526 |   0.0 |       0 |      12 |   0.0 |   341
               +---------+---------+-------+---------+---------+-------+---------
